[Event "*** Titled Tuesday Blitz"]
[Site "Chess.com"]
[Date "2020.12.29"]
[Round "8"]
[White "HackingKid98"]
[Black "Vusatiuk_Vladimir"]
[Result "0-1"]
[WhiteElo "2415"]
[BlackElo "2319"]
[TimeControl "180+1"]
[EndTime "11:29:02 PST"]
[Termination "Vusatiuk_Vladimir won by resignation"]

1. d4 Nf6 2. Nf3 b6 3. g3 Bb7 4. Bg2 e6 5. O-O Be7 6. c4 O-O 7. Nc3 c5 8. Bf4 cxd4 9. Qxd4 d5 10. cxd5 Nxd5 11. Ne5 Nc6 12. Nxc6 Bxc6 13. Nxd5 Bxd5 14. Bxd5 Qxd5 15. Qxd5 exd5 16. Rac1 Rac8 17. Rfd1 Bf6 18. b3 d4 19. Rxc8 Rxc8 20. Rc1 Re8 21. Rc7 g5 22. Bd6 Rxe2 23. Rxa7 d3 24. Bb4 d2 25. Bxd2 Rxd2 26. Kg2 Bd4 27. Kf3 Rxf2+ 28. Kg4 h6 29. h4 gxh4 30. Kxh4 Kg7 31. Ra6 Rf6 32. Ra8 Be5 33. g4 Rf4 34. Kh3 Bd4 35. Kg3 Re4 36.
Kf3 Re3+ 37. Kf4 Re2 38. b4 Rb2 39. a3 Rb3 40. Ke4 Bb2 41. Kd5 Bxa3 42. Kc4 Rxb4+ 43. Kc3 Rxg4 44. Rb8 Bc5 45. Kd3 h5 46. Ke2 Rf4 47.
Rd8 h4 48. Rd3 Kf6 49. Rh3 Kg5 50. Ke1 Kg4 51. Rd3 h3 52. Rd8 Kf3 53. Rh8 Kg2 54.
Rg8+ Kh1 55. Rh8 h2 56. Ke2 Rf2+ 57. Ke1 Rg2 58. Kf1 Rg1+ 59. Ke2 Rg6 60. Kf1 b5 61. Rh5 Rf6+ 62. Ke2 Rc6 63. Kf1 b4 64. Rh3 Rf6+ 65. Ke2 Kg2 0-1

[Event "*** Titled Tuesday Blitz"]
[Site "Chess.com"]
[Date "2020.12.29"]
[Round "8"]
[White "Rud_Makarian"]
[Black "wonderfultime"]
[Result "0-1"]
[WhiteElo "2708"]
[BlackElo "3013"]
[TimeControl "180+1"]
[EndTime "11:29:03 PST"]
[Termination "wonderfultime won on time"]

1. d4 d5 2. c4 c6 3. Nf3 Nf6 4. Nc3 a6 5. e3 Bf5 6. Ne5 Nbd7 7. cxd5 Nxe5 8. dxe5 Nxd5 9. Qb3 Nxc3 10. bxc3 b5 11.
Be2 e6 12. O-O Be7 13. Rd1 Qc7 14. f4 O-O 15. Bf3 Rfd8 16. e4 Bg6 17. Be3 h6 18. Rxd8+ Rxd8 19. Rd1 Rxd1+ 20. Qxd1 Qa5 21. Qd2 Qa4 22. Qd7 Qa3 23. f5 Qxc3 24. Kf2 Qb2+ 25. Kf1 Qb1+ 26. Kf2 Qb2+ 27. Bd2 exf5 28. exf5 Bc5+ 29.
Kf1 Qb1+ 30. Ke2 Qxf5 31. Qxc6 Qxe5+ 32. Kd1 Kh7 33. a4 Qa1+ 34. Ke2 Qe5+ 35. Kd1 b4 36. Qd5 Qa1+ 37. Ke2 Be7 38. h4 Qf6 39. h5 Bf5 40. g4 Be6 41. Be4+ Kg8 42. Qa8+ Bf8 43. Bxb4 Qb2+ 44.
Bd2 Bc4+ 45. Ke3 Qb6+ 46. Kf3 Qf6+ 47. Bf4 Qc3+ 48. Be3 Qf6+ 49. Bf4 Bb3 50. a5 Bd1+ 51. Ke3 Qc3+ 52. Kf2 Qb2+ 53. Kg3 Qc3+ 54. Kh4 Qe1+ 55.
Kh3 Qf1+ 56. Kg3 Qg1+ 57. Bg2 Qe1+ 58. Kh2 Qe6 0-1

[Event "*** Titled Tuesday Blitz"]
[Site "Chess.com"]
[Date "2020.12.29"]
[Round "8"]
[White "Chamal_Gedgafov"]
[Black "BeanScreen"]
[Result "1-0"]
[WhiteElo "2247"]
[BlackElo "2620"]
[TimeControl "180+1"]
[EndTime "11:29:03 PST"]
[Termination "Chamal_Gedgafov won by checkmate"]

1. e4 e5 2. f4 Nc6 3. Nf3 d6 4. Bb5 Bg4 5. h3 Bxf3 6. Bxc6+ bxc6 7. Qxf3 exf4 8. Qxf4 Nf6 9. O-O Be7 10. Nc3 c5 11. b3 O-O 12. Bb2 Re8 13. d3 Qd7 14.
Nd5 c6 15. Nxe7+ Rxe7 16. Bxf6 gxf6 17. Qxf6 Re6 18. Qf5 Qe7 19. Rf4 Rg6 20. Raf1 Rf8 21. h4 Kh8 22. h5 Rg5 23. Qf6+ Qxf6 24. Rxf6 Kg8 25. h6 Rg6 26. R1f5 a5 27. a4 Rxf6 28. Rxf6 Rd8 29. Kf2 Kf8 30. Ke3 Ke7 31. e5 Rg8 32. Kf3 dxe5 33. Rxc6 Rg5 34. g4 Kd7 35. Ra6 Ke7 36.
Rxa5 Kd6 37. Ra6+ Ke7 38. Rb6 Kd7 39. a5 Rg8 40. a6 Ra8 41. Rf6 Ke7 42. g5 Ra7 43.
Ke4 Rd7 44. Kxe5 Ra7 45. Rc6 Kf8 46. Kf6 Ra8 47. c3 Kg8 48. b4 cxb4 49. cxb4 Kh8 50. b5 Rg8 51. Kf5 Rd8 52. a7 Rd5+ 53. Ke4 Rd8 54. b6 Re8+ 55. Kf4 f6 56. b7 fxg5+ 57.
Kxg5 Rg8+ 58. Kh5 Rf8 59. b8=Q Rg8 60. a8=Q Rf8 61. Qxf8# 1-0

[Event "*** Titled Tuesday Blitz"]
[Site "Chess.com"]
[Date "2020.12.29"]
[Round "8"]
[White "profofchess"]
[Black "NovikovaGalina"]
[Result "1-0"]
[WhiteElo "2408"]
[BlackElo "2248"]
[TimeControl "180+1"]
[EndTime "11:29:03 PST"]
[Termination "profofchess won by checkmate"]

1. e4 e6 2. d4 d5 3. Nc3 Bb4 4. e5 c5 5. Bd2 Ne7 6. a3 Bxc3 7. Bxc3 cxd4 8. Qxd4 Nbc6 9. Qg4 Kf8 10. Nf3 a6 11. h4 b5 12. h5 h6 13. Bd3 Nf5 14. O-O-O Qb6 15. Rhf1 a5 16. Bxf5 exf5 17. Qf4 b4 18. Bd4 Nxd4 19. Qxd4 Qxd4 20. Nxd4 bxa3 21. bxa3 Be6 22. Kd2 Kg8 23. Rb1 Kh7 24. Rb6 Rhe8 25. f4 Rac8 26. Rfb1 Rc4 27. c3 Rec8 28. Rc1 Ra4 29.
Rb3 Rac4 30. Kd3 R8c5 31. g3 Bc8 32. Rb6 Ra4 33. Ra1 Rac4 34. Rc1 Ra4 35. Nc2 Bd7 36.
Rcb1 Re4 37. R1b3 Ba4 38. Rb2 Bxc2+ 39. Rxc2 Ra4 40. Ra6 Rxa3 41. Ra7 Kg8 42. Ra8+ Kh7 43. Ra7 d4 44. Rxf7 Rcxc3+ 45. Rxc3 dxc3 46. e6 Ra2 47. Kxc3 Re2 48. Re7 Kg8 49. Re8+ Kh7 50. e7 Re3+ 51.
Kc4 Re1 52. Kb5 Ra1 53. Rf8 Rb1+ 54. Ka4 Ra1+ 55. Kb5 Rb1+ 56. Kxa5 Ra1+ 57. Kb4 Rb1+ 58. Kc3 Rc1+ 59. Kb2 Re1 60. e8=Q Rg1 61. Qg6# 1-0

[Event "*** Titled Tuesday Blitz"]
[Site "Chess.com"]
[Date "2020.12.29"]
[Round "8"]
[White "Moon_stone123"]
[Black "MelihKaanCan"]
[Result "0-1"]
[WhiteElo "2423"]
[BlackElo "2335"]
[TimeControl "180+1"]
[EndTime "11:29:05 PST"]
[Termination "MelihKaanCan won by resignation"]

1. e4 e5 2. Nf3 Nc6 3. Bb5 a6 4. Ba4 Nf6 5. O-O Be7 6. Re1 b5 7. Bb3 O-O 8. a4 Bb7 9. d3 d6 10. Nc3 b4 11. Ne2 Re8 12. Ng3 g6 13. h4 Bf8 14. h5 Bg7 15. h6 Bh8 16. Bg5 Qd7 17. Nd2 Nd4 18. Ba2 Ne6 19. Be3 c5 20. Nc4 Qc7 21. a5 Rad8 22. Qe2 d5 23.
exd5 Nxd5 24. Ne4 Ndf4 25. Qf3 f5 26. Bxf4 exf4 27. Ncd6 Rxd6 28. Nxd6 Bxf3 29. Nxe8 Qb7 30. Bxe6+ Kf8 31. Nd6 Qc6 32. gxf3 Qxd6 33. Bc4 Bxb2 34. Rad1 Qd8 35. Re6 Qg5+ 36. Kf1 Bd4 37. Rde1 Qxh6 38. Re8+ Kg7 39. R1e7+ Kf6 40. Rf7+ Kg5 41. Rd7 Qh2 42. Rxd4 cxd4 43. Bxa6 Qh1+ 44. Ke2 Qa1 45. Re5 Qa2 46.
Rc5 b3 47. Bc4 Qxc2+ 48. Kf1 b2 49. Rb5 b1=Q+ 50. Rxb1 Qxb1+ 51. Kg2 Qa1 52. a6 Qa3 53. Bb5 h5 54. Bc4 h4 55. Kh3 Qa5 56. Kg2 Kf6 57. Kh3 g5 58. Kg2 Ke5 59. a7 Qxa7 60. Kh3 Qa1 61. Kg2 Qb2 62. Bb5 Qxb5 63. Kh2 Qxd3 64. Kg2 Qe2 65. Kh3 Qxf3+ 66. Kh2 Qxf2+ 67. Kh1 Qd2 68. Kg1 Ke4 69. Kf1 Kf3 0-1

[Event "*** Titled Tuesday Blitz"]
[Site "Chess.com"]
[Date "2020.12.29"]
[Round "8"]
[White "Blue_Ratatoeskr"]
[Black "vanyakuba"]
[Result "1-0"]
[WhiteElo "2356"]
[BlackElo "2448"]
[TimeControl "180+1"]
[EndTime "11:29:10 PST"]
[Termination "Blue_Ratatoeskr won by resignation"]

1. c4 e6 2. g3 d5 3. Bg2 c5 4. cxd5 exd5 5. Nf3 Nc6 6. d4 Nf6 7. O-O Be7 8. Be3 c4 9. Ne5 O-O 10. b3 Be6 11. bxc4 dxc4 12. Bxc6 bxc6 13. Nxc6 Qc7 14. Nxe7+ Qxe7 15. Nc3 Rfd8 16. Bg5 h6 17. Bxf6 Qxf6 18. e3 Rac8 19. Kg2 Qg6 20. h3 h5 21. Qf3 h4 22.
g4 f5 23. Kh2 fxg4 24. Rg1 Rf8 25. Qe2 Rxf2+ 26. Qxf2 g3+ 27. Kh1 gxf2 28. Rxg6 Bxh3 29. e4 f1=Q+ 30. Rxf1 Bxf1 31. Kg1 Bd3 32. Rg4 Rf8 33. Rxh4 Rf1+ 34. Kg2 Rc1 35. Nd5 Rc2+ 36. Kf3 Rxa2 37. Nf4 Bb1 38. Ke3 c3 39. Ne2 Ra3 40. d5 c2+ 41.
Kd4 Ra4+ 42. Kc5 c1=Q+ 43. Nxc1 Rxe4 44. Rxe4 Bxe4 45. d6 Bf5 46. Ne2 Kf7 47. Nd4 Bd7 48. Nc6 a6 49. Ne5+ Ke6 50. Ng6 a5 51. Nf8+ Kf7 52.
Nxd7 a4 53. Ne5+ Ke6 54. d7 Ke7 55. Kc6 a3 56. Kc7 a2 57. d8=Q+ Ke6 58. Qe8+ Kd5 59. Qf7+ Kxe5 60. Qxg7+ Ke4 61. Qa1 Kd3 62. Qxa2 Kc3 63. Qa4 1-0

[Event "*** Titled Tuesday Blitz"]
[Site "Chess.com"]
[Date "2020.12.29"]
[Round "8"]
[White "Jenia84"]
[Black "Gulkov_Igor"]
[Result "1/2-1/2"]
[WhiteElo "2357"]
[BlackElo "2539"]
[TimeControl "180+1"]
[EndTime "11:29:13 PST"]
[Termination "Game drawn - insufficient material"]

1. Nf3 Nf6 2. b3 g6 3. Bb2 Bg7 4. e4 d6 5. e5 dxe5 6. Bxe5 O-O 7. Be2 c5 8. O-O Nc6 9. Bb2 Bf5 10. d3 Qd7 11.
Ne5 Nxe5 12. Bxe5 Nd5 13. Bxg7 Kxg7 14. Bf3 Rad8 15. Qc1 e5 16. Nd2 f6 17. Re1 Nc3 18. Be4 Be6 19. Bf3 b6 20. Qa3 Nb5 21. Qc1 Nd4 22. a4 a5 23. Qb2 Rfe8 24. Rad1 Qc7 25. c3 Nxf3+ 26. Nxf3 Bg4 27. Qe2 Qb7 28. Qe4 Qxe4 29.
dxe4 Bxf3 30. gxf3 Kf7 31. Kf1 Ke6 32. Ke2 h5 33.
Rd3 Rxd3 34. Kxd3 Rd8+ 35. Ke2 f5 36. Rg1 Kf6 37. Rb1 f4 38. h4 g5 39. Rh1 gxh4 40. Rxh4 Rh8 41. Kd3 Kg5 42. Rh1 h4 43. Kc4 h3 44.
Kb5 Rh6 45. b4 cxb4 46. cxb4 axb4 47. Kxb4 Kh4 48. Kc4 Rd6 49. Rh2 Rd4+ 50. Kb5 Rd3 51. Kxb6 Rxf3 52. a5 Rb3+ 53. Kc5 Ra3 54. Kb4 Ra2 55.
Kb5 Kg4 56. a6 Kf3 57. Kb6 Kxe4 58. Rxh3 Kd4 59. a7 e4 60. Rh5 e3 61. fxe3+ fxe3 62. Ra5 Rxa5 63. Kxa5 e2 64. a8=Q e1=Q+ 65. Kb6 Qb4+ 66. Ka7 Qa5+ 67. Kb8 Qxa8+ 68. Kxa8 1/2-1/2

[Event "*** Titled Tuesday Blitz"]
[Site "Chess.com"]
[Date "2020.12.29"]
[Round "8"]
[White "KononenkoD"]
[Black "RobertoJBM"]
[Result "0-1"]
[WhiteElo "2458"]
[BlackElo "2690"]
[TimeControl "180+1"]
[EndTime "11:29:13 PST"]
[Termination "RobertoJBM won on time"]

1. e4 c6 2. d4 d5 3. exd5 cxd5 4. c4 Nf6 5. Nc3 e6 6. Nf3 Be7 7. c5 O-O 8. Bd3 b6 9. cxb6 Qxb6 10. O-O Ba6 11. Na4 Qb7 12. Nc5 Bxc5 13. dxc5 Ne4 14. Be3 Qxb2 15. Bd4 Qb7 16. Rb1 Qc8 17. Bxe4 dxe4 18.
Ng5 Bxf1 19. Qh5 h6 20. Nxe4 Nc6 21. Nf6+ Kh8 22. Be3 Be2 23. Qxe2 Rb8 24. Rd1 Rd8 25. Re1 Ne7 26. Qh5 Nf5 27. Ng4 Nxe3 28. Nxh6 Rd5 29.
Nxf7+ Kg8 30. Qg6 Qe8 31. Nh6+ Kf8 32. Qh7 Qh5 33. fxe3 Qxh6 34. Rf1+ Rf5 35. Rxf5+ exf5 36. Qxf5+ Kg8 37. Qe5 Rf8 38. Qd5+ Kh8 39. Qd4 Qf6 40.
h3 Qxd4 41. Kh2 Qxe3 42. c6 Qe5+ 43. Kh1 Qc7 44. g3 Qxc6+ 45. Kg1 Qf3 46. g4 Qf2+ 47. Kh1 Qf1+ 48. Kh2 Rf2+ 49. Kg3 Qg2+ 50. Kh4 Rf3 51. Kg5 Rxh3 52. a4 Rg3 53. Kg6 Rxg4+ 54. Kf7 Rh4 55.
Ke7 Qf3 56. Kd7 Qf6 57. Kc7 Rb4 58. a5 Qd4 59. a6 Rb5 60. Kc8 Qa4 61. Kc7 g5 62. Kc8 Kg7 63. Kc7 Kf6 64. Kc8 Ke5 65. Kc7 Kd4 66. Kc8 Kc4 67. Kd7 Kb4 68. Kc7 Ka5 69. Kc8 Kxa6 70. Kc7 Ka5 71. Kc8 Kb4 72. Kc7 Kc4 73. Kc6 Kd3 0-1

[Event "*** Titled Tuesday Blitz"]
[Site "Chess.com"]
[Date "2020.12.29"]
[Round "8"]
[White "BelaKis"]
[Black "Fortitudine"]
[Result "0-1"]
[WhiteElo "2125"]
[BlackElo "2326"]
[TimeControl "180+1"]
[EndTime "11:29:15 PST"]
[Termination "Fortitudine won by resignation"]

1. Nf3 Nf6 2. g3 c5 3. Bg2 g6 4. O-O Bg7 5. d3 O-O 6. Nbd2 Nc6 7. a3 b6 8. Rb1 Bb7 9. c4 d5 10. b4 cxb4 11. axb4 dxc4 12. Nxc4 Nd5 13. Bd2 Rc8 14. b5 Nb8 15. Qa4 a5 16. bxa6 Nxa6 17. Qb5 Nac7 18. Qb3 b5 19. Na5 Ba8 20. Rfc1 b4 21. d4 Na6 22.
Rxc8 Qxc8 23. Rc1 Qd8 24. Nc6 Qb6 25. Nfe5 e6 26. Bxd5 exd5 27. Qxd5 b3 28. Qa5 Qxa5 29.
Nxa5 Be4 30. Bc3 Rc8 31. Bb2 Rxc1+ 32. Bxc1 Nc5 33. Nac4 Na4 34. Nb2 Nb6 35. f3 Bc2 36.
Kf2 f6 37. Ned3 f5 38. e3 Nd5 39. Nc5 Nc3 40. Nbd3 Na2 41. Ba3 Bf8 42. Ke2 Nc3+ 43. Kd2 Nb5 44. Bb2 Bd6 45. Ne1 Bxc5 46. dxc5 Kf7 47.
Nxc2 bxc2 48. Kxc2 Ke6 49. Kd3 Kd5 50. e4+ fxe4+ 51. fxe4+ Kxc5 52. e5 Kd5 53. e6 Kxe6 54.
Ke4 Nd6+ 55. Kf4 Nc4 56. Kg5 Nxb2 57. Kh6 Kf5 58. Kxh7 Nd3 59. Kh6 Ne5 60. h3 Nf3 61.
g4+ Kf6 62. h4 Nxh4 63. g5+ Kf5 64. Kh7 Nf3 65. Kg7 Nxg5 66. Kh6 Ne6 67. Kh7 g5 68. Kg8 g4 69. Kf7 g3 70. Ke7 g2 71. Kd6 g1=Q 72.
Kd7 Qd4+ 73. Ke7 Qf6+ 74. Kd6 Nf4+ 75. Kd7 Qe6+ 76. Kc7 Qc4+ 77. Kd6 Qb4+ 78. Kd7 Qb5+ 79. Kc8 Qa6+ 80. Kd8 Qb7 81. Ke8 Kf6 82. Kd8 Ke6 0-1

[Event "*** Titled Tuesday Blitz"]
[Site "Chess.com"]
[Date "2020.12.29"]
[Round "8"]
[White "champ2005"]
[Black "SaraciNderim"]
[Result "1-0"]
[WhiteElo "2997"]
[BlackElo "2830"]
[TimeControl "180+1"]
[EndTime "11:29:17 PST"]
[Termination "champ2005 won on time"]

1. d4 Nf6 2. Bf4 d5 3. e3 c5 4. c3 Nc6 5. Nd2 Qb6 6. Qb3 c4 7. Qc2 g6 8. e4 Nxe4 9. Nxe4 dxe4 10. Bxc4 Bg7 11. Ne2 O-O 12. Be3 Na5 13. Bd5 Bf5 14.
b4 Nc6 15. Bxe4 Bxe4 16. Qxe4 e6 17. O-O Qb5 18. Nf4 Rac8 19. Qd3 Qxd3 20. Nxd3 Ne7 21. Rac1 Rc4 22. Bd2 Rfc8 23. Nb2 R4c7 24. Rce1 Nd5 25. Nd1 b6 26. f4 h5 27. g3 Kf8 28. Kg2 Ke7 29. Kf3 f5 30. h3 Nf6 31. Re2 Ne4 32.
Rfe1 Kf7 33. Rg1 Bf6 34. Be1 a5 35. bxa5 bxa5 36. Ke3 Rb7 37. Rc2 Rb1 38. Ke2 Bxd4 39. Rf1 Bf6 40. Rf3 a4 41. Rd3 Ke8 42. c4 Rcb8 43.
c5 Rc8 44. c6 Rb6 45. c7 Rb7 46. Ba5 Be7 47. Nf2 Nd6 48. a3 Nb5 49. Rb2 Bxa3 50. Rxa3 Nd4+ 51. Kd3 Rxb2 52. Kxd4 Rxf2 53. Ke5 Kd7 54. Rxa4 Re2+ 55. Kf6 Ra8 56. Rd4+ Kc6 57. Rd8 1-0

[Event "*** Titled Tuesday Blitz"]
[Site "Chess.com"]
[Date "2020.12.29"]
[Round "8"]
[White "tjychess"]
[Black "rasmussvane"]
[Result "1/2-1/2"]
[WhiteElo "2746"]
[BlackElo "2880"]
[TimeControl "180+1"]
[EndTime "11:29:18 PST"]
[Termination "Game drawn by repetition"]

1. d4 d5 2. Nf3 e6 3. c4 a6 4.
cxd5 exd5 5. Nc3 Nf6 6. Bf4 Bd6 7. Bxd6 Qxd6 8. e3 O-O 9. Qc2 b6 10. Be2 Be6 11. O-O Nbd7 12. Rac1 Rfc8 13. Rfd1 h6 14.
h3 Qe7 15. Ne5 c5 16. Nxd7 Qxd7 17. dxc5 Rxc5 18. Qa4 Qc7 19. Qd4 a5 20. Bf3 Rc8 21. Ne2 Rc4 22. Qd3 Qe5 23. b3 Rxc1 24. Rxc1 Rxc1+ 25.
Nxc1 Qa1 26. Qc2 d4 27. exd4 Qxd4 28. Ne2 Qa1+ 29. Kh2 Qe5+ 30. Kg1 g5 31. Qc3 Nd7 32. Qxe5 Nxe5 33. Be4 f5 34. Bc2 f4 35. Nd4 Kf7 36. Kf1 Ke7 37. Be4 Kd6 38. Ke2 Bd7 39. Kd2 Kc5 40.
Kc3 b5 41. Nc2 b4+ 42. Kd2 Bb5 43. Ne1 Kd4 44. Bb7 Bd3 45. Nf3+ Nxf3+ 46. Bxf3 Bb1 47. Kc1 Bd3 48. Kd2 Bg6 49. Bc6 h5 50. Bf3 Bf7 51.
Be2 h4 52. Bd3 Bd5 53. f3 Bc6 54. Bc4 a4 55. Bd3 a3 56. Bc4 Bd7 57. Bd3 Be6 58. Bc2 Bd5 59. Bd1 Bb7 60. Be2 Bc8 61. Bd3 Be6 62.
Bc2 Bd5 63. Bd1 Bc6 64. Be2 Bd7 65. Bd3 Be6 1/2-1/2

[Event "*** Titled Tuesday Blitz"]
[Site "Chess.com"]
[Date "2020.12.29"]
[Round "8"]
[White "WinOrTilt"]
[Black "VladimirBugayev"]
[Result "1-0"]
[WhiteElo "2156"]
[BlackElo "2265"]
[TimeControl "180+1"]
[EndTime "11:29:19 PST"]
[Termination "WinOrTilt won on time"]

1. d4 Nf6 2. Nf3 g6 3. e3 c5 4. Nbd2 cxd4 5. exd4 Bg7 6. Be2 Nc6 7.
O-O O-O 8. c3 d6 9. b3 b6 10.
Bb2 Bb7 11. Rc1 Rc8 12. c4 d5 13. a3 dxc4 14. bxc4 e6 15. Qa4 Na5 16. Bc3 Bc6 17. Qc2 Nb7 18. a4 Nd6 19. a5 b5 20. c5 Nde4 21.
Nxe4 Bxe4 22. Qb2 a6 23. Ne5 Nd5 24. f3 Nxc3 25. Qxc3 Bd5 26. Rfd1 Re8 27. Ng4 h5 28. Ne3 Bc6 29. Nc2 Qh4 30. Nb4 Red8 31. Nc2 Rd7 32.
g3 Qf6 33. Rd3 Rcd8 34. Rcd1 h4 35. Kg2 g5 36. Kf2 g4 37. f4 hxg3+ 38. hxg3 Qh6 39. Ke1 Be4 40. Re3 Bxd4 41. Rxd4 Qh1+ 42. Kd2 Bxc2 43.
Rxd7 Rxd7+ 44. Kxc2 Qd5 45. Rd3 Qa2+ 46. Kd1 Qb1+ 47.
Kd2 Qa2+ 48. Ke1 Qb1+ 49. Kf2 Rxd3 50. Qxd3 Qb4 51. Qd8+ Kh7 52. Bd3+ Kg7 53. Qg5+ Kf8 54. Qe5 Qd2+ 55. Be2 Qxa5 56. Qd6+ Kg7 57. Qd4+ Kf8 58. c6 Qc7 59. Qc5+ Kg7 60. Bxg4 f5 61. Bf3 Kg6 62. Qe5 Qb6+ 63. Qe3 Qc7 64. Qc3 Qb6+ 65. Kg2 Qc7 66. Qd4 Qa5 67. Qd3 1-0

[Event "*** Titled Tuesday Blitz"]
[Site "Chess.com"]
[Date "2020.12.29"]
[Round "8"]
[White "SHIVACalypso"]
[Black "HanSchut"]
[Result "1/2-1/2"]
[WhiteElo "2466"]
[BlackElo "2262"]
[TimeControl "180+1"]
[EndTime "11:29:21 PST"]
[Termination "Game drawn - insufficient material"]

1. Nf3 Nf6 2. c4 g6 3. g3 Bg7 4.
Bg2 O-O 5. O-O d5 6. d4 dxc4 7.
Na3 Be6 8. Ng5 Bd5 9. e4 h6 10. exd5 hxg5 11. Bxg5 Nxd5 12. Nxc4 c6 13. Re1 Re8 14. Qd2 Nd7 15. Rad1 N7b6 16. b3 Nxc4 17. bxc4 Nb6 18. Qc3 Qd7 19. Bf4 Rad8 20. Be5 Bxe5 21.
Rxe5 e6 22. h4 c5 23. d5 exd5 24. Rxe8+ Rxe8 25. cxd5 Qd6 26. Qf3 Nd7 27. h5 Ne5 28. Qf4 b6 29. hxg6 Qxg6 30. d6 f6 31. d7 Rd8 32. Bh3 Kg7 33. Bf5 Qg5 34. Qxg5+ fxg5 35. Rd6 Kf7 36. g4 Nf3+ 37. Kg2 Nd4 38. Rd5 Ke7 39. Bg6 Rxd7 40. Rxg5 Ne6 41. Rf5 Rd4 42. Kg3 c4 43. Rf7+ Kd6 44. Rxa7 c3 45. Ra8 Rc4 46. Bc2 Nd4 47.
Bd3 c2 48. Bxc2 Rxc2 49. f4 Rc3+ 50. Kh4 Nf3+ 51. Kh5 Rc5+ 52. f5 Rc1 53. Kg6 Rg1 54. Kh5 Rh1+ 55. Kg6 Rg1 56. Ra4 b5 57. Rf4 Ne5+ 58.
Kh5 Rg2 59. f6 Rxa2 60. f7 Nxf7 61. Rxf7 b4 62. Rf3 Kc5 63. g5 Rg2 64. g6 Kc4 65.
Rf4+ Kc3 66. Rg4 Rxg4 67. Kxg4 b3 68. g7 b2 69. g8=Q b1=Q 70. Qc8+ Kb2 71. Qb7+ Kc1 72. Qxb1+ Kxb1 1/2-1/2

[Event "*** Titled Tuesday Blitz"]
[Site "Chess.com"]
[Date "2020.12.29"]
[Round "8"]
[White "J36225"]
[Black "OrtizAnahi2001"]
[Result "1/2-1/2"]
[WhiteElo "2471"]
[BlackElo "2327"]
[TimeControl "180+1"]
[EndTime "11:29:22 PST"]
[Termination "Game drawn - insufficient material"]

1. e4 e5 2. Nf3 Nc6 3. Bb5 Nf6 4. O-O d6 5. d4 exd4 6. Nxd4 Bd7 7. Nxc6 bxc6 8. Bd3 Be7 9. c4 O-O 10. Nc3 Rb8 11. b3 Be6 12. Bb2 Nd7 13. Ne2 Ne5 14. f4 Nxd3 15. Qxd3 c5 16. f5 Bd7 17. Nf4 c6 18. Nh5 f6 19. Qg3 Rf7 20. Rad1 Be8 21. Nf4 Bd7 22. Rf3 Qa5 23. Nh5 Kh8 24. a4 Re8 25. Nf4 d5 26. cxd5 cxd5 27. Nxd5 Bd8 28. Bc3 Qa6 29. Rfd3 Bc6 30. e5 fxe5 31. Bxe5 Bxd5 32.
Rxd5 Bf6 33. Bxf6 Rxf6 34. Rd8 Qc6 35. Rxe8+ Qxe8 36. Qe5 Rf8 37. Qxe8 Rxe8 38. Rd5 Rc8 39. Rd7 a6 40. Ra7 h6 41. Rxa6 Rb8 42. Rc6 Rxb3 43.
Rxc5 Rb1+ 44. Kf2 Rb2+ 45. Kf3 Rb3+ 46. Kf4 Rb4+ 47. Ke5 Rxa4 48. g3 Ra2 49. h4 Rg2 50. Rc3 Re2+ 51. Kf4 Rf2+ 52. Kg4 Kh7 53. Rc5 Re2 54.
Kh5 Re4 55. g4 Rf4 56. Rc7 Kg8 57. Rc5 Kh7 58. g5 Rxf5 59. Rxf5 g6+ 60. Kg4 gxf5+ 61.
Kxf5 hxg5 62. hxg5 Kg7 63. g6 Kg8 64. Kf6 Kf8 65.
Kf5 Kg7 66. Kg5 Kg8 67. Kh6 Kh8 68. Kh5 Kg7 69. Kg5 Kg8 70. Kf6 Kf8 71. g7+ Kg8 72. Ke7 Kxg7 1/2-1/2

[Event "*** Titled Tuesday Blitz"]
[Site "Chess.com"]
[Date "2020.12.29"]
[Round "8"]
[White "Aemulus20"]
[Black "ckgchess"]
[Result "0-1"]
[WhiteElo "2600"]
[BlackElo "2776"]
[TimeControl "180+1"]
[EndTime "11:29:25 PST"]
[Termination "ckgchess won by resignation"]

1. e4 c5 2. Nc3 d6 3. f4 Nc6 4.
Nf3 g6 5. Bc4 Bg7 6. f5 e6 7.
fxe6 Bxe6 8. Bxe6 fxe6 9. d3 Qd7 10. O-O Nf6 11. Bg5 O-O 12. Qd2 d5 13. exd5 exd5 14. Rae1 Rae8 15. Rxe8 Rxe8 16. h3 b6 17. a3 Re6 18.
Bh6 Bxh6 19. Qxh6 Qg7 20. Qg5 h6 21. Qf4 d4 22. Ne4 Nxe4 23. dxe4 Rf6 24. Qg4 Kh7 25. e5 Nxe5 26. Nxe5 Rxf1+ 27. Kxf1 Qxe5 28. Qd7+ Qg7 29.
Qe8 h5 30. b3 Qf6+ 31. Ke2 Kg7 32. a4 Qf5 33. Qe7+ Qf7 34. Qe5+ Kf8 35. Kd2 Qe7 36. Qh8+ Kf7 37. Qh7+ Kf6 38. Qh8+ Ke6 39. Qc8+ Kf7 40. Kc1 h4 41. Qg4 a5 42. Kb1 Kg7 43. Qf3 Qf6 44. Qb7+ Kh6 45. Qe4 Kg5 46. Qg4+ Kh6 47. Qe4 Qg5 48.
Qa8 Qe5 49. Qf3 Qe1+ 50. Kb2 Qe7 51. Qf4+ Kg7 52. Ka2 Qf6 53. Qg4 Qf5 54. Qe2 Kf6 55. Kb2 Kg5 56. Qd2+ Qf4 57. Qe2 Kf6 58. Qb5 Qd6 59. Qe2 Kg7 60. Qf3 Qf6 61. Qb7+ Kh6 62. Ka2 d3 63. cxd3 Kg5 64. Qe4 Qf2+ 65. Ka3 Qd4 66. Qxd4 cxd4 67. b4 Kf4 68. bxa5 bxa5 69. Kb3 Ke3 70. Kc4 g5 71. Kb5 Kxd3 72. Kxa5 Kc4 73.
Kb6 d3 74. a5 d2 75. a6 d1=Q 76. a7 Qd4+ 0-1

[Event "*** Titled Tuesday Blitz"]
[Site "Chess.com"]
[Date "2020.12.29"]
[Round "8"]
[White "OK97"]
[Black "DryCounty"]
[Result "1/2-1/2"]
[WhiteElo "2791"]
[BlackElo "2634"]
[TimeControl "180+1"]
[EndTime "11:29:27 PST"]
[Termination "Game drawn - insufficient material"]

1. d4 Nf6 2. c4 g6 3. Nc3 Bg7 4. Bg5 O-O 5. e3 d6 6. Be2 Nc6 7. Nf3 Bf5 8. d5 Nb4 9. Nd4 Bd7 10. a3 Na6 11. O-O Nc5 12. Qc2 a5 13. b4 Na6 14.
Rab1 c6 15. dxc6 bxc6 16. b5 cxb5 17. cxb5 Nc5 18. Bf3 Rc8 19. Nc6 Bxc6 20. Bxc6 e6 21. Rfd1 Qc7 22. Bf4 Rfd8 23. Na4 Nxa4 24. Qxa4 Nh5 25.
Bg5 Bf6 26. Bxf6 Nxf6 27. Qd4 e5 28. Qh4 Kg7 29. a4 Qb6 30. Rbc1 d5 31. Qg3 Qb8 32. Qf3 e4 33. Qg3 Qxg3 34. hxg3 Rd6 35. Bb7 Rxc1 36. Rxc1 d4 37. exd4 Rxd4 38. Bc6 Rb4 39. Ra1 Ng4 40. f3 exf3 41. gxf3 Ne5 42. Bb7 Rb3 43. Kg2 Rb2+ 44. Kf1 h5 45. Re1 Kf6 46. Rd1 Ke7 47.
Rd5 Nc4 48. Rc5 Ne3+ 49. Ke1 Nf5 50. g4 hxg4 51. fxg4 Nd6 52. Rc7+ Ke6 53. Bc6 f5 54. gxf5+ gxf5 55. Ra7 Nc4 56. Bb7 f4 57. Bc8+ Ke5 58. Bg4 Rb4 59. Be2 Nb2 60. Rxa5 Nxa4 61. b6+ Kd6 62. Rb5 Rxb5 63. Bxb5 Nxb6 64. Be2 Ke5 65. Kf2 Nd5 66. Bf3 Nf6 67. Be2 Ne4+ 68. Kf3 Nd2+ 69.
Kf2 Kd4 70. Bg4 Ne4+ 71. Kf3 Ke5 72. Bc8 Ng5+ 73. Kf2 f3 74. Bb7 Kf4 75. Bxf3 1/2-1/2

[Event "*** Titled Tuesday Blitz"]
[Site "Chess.com"]
[Date "2020.12.29"]
[Round "8"]
[White "TheKingDoctor"]
[Black "Zmeeed63"]
[Result "0-1"]
[WhiteElo "2204"]
[BlackElo "2321"]
[TimeControl "180+1"]
[EndTime "11:29:27 PST"]
[Termination "Zmeeed63 won by resignation"]

1. e4 Nc6 2. Nf3 d6 3. h3 Nf6 4. Nc3 g6 5. d4 Bg7 6. Be3 O-O 7. Qd2 e5 8. O-O-O exd4 9. Nxd4 Nxd4 10. Bxd4 Be6 11.
Kb1 Qe7 12. g4 a6 13. f4 Bd7 14. Bg2 Bc6 15. Rhe1 Qd7 16. e5 dxe5 17. Bxe5 Qxd2 18. Rxd2 Bxg2 19. Rxg2 c6 20. Rd2 Rad8 21. Red1 Rxd2 22. Rxd2 Re8 23. a3 h6 24. Rd6 Nd5 25. Bxg7 Kxg7 26. Nxd5 cxd5 27. Rxd5 Re3 28. Rd3 Re1+ 29.
Ka2 Rf1 30. Rd7 Rxf4 31. Rxb7 Rf3 32. Rb3 Rf2 33. Rc3 f5 34. gxf5 gxf5 35. b4 f4 36. a4 Re2 37. b5 Re4 38. Kb3 a5 39. Rf3 Kf6 40. c3 Kf5 41. b6 Re6 42. Kc4 Rxb6 43. Kc5 Rb3 44. Rd3 Ke4 45. Rd4+ Ke3 46. Kc4 Rb1 47. Rd3+ Ke2 48. Rd5 f3 49. Rxa5 f2 50. Re5+ Kd2 51. Rd5+ Kc2 52. Rf5 f1=Q+ 53. Rxf1 Rxf1 54.
a5 Rb1 55. a6 h5 56. h4 Kd2 57.
Kc5 Kxc3 58. a7 Ra1 59. Kb6 Kd3 60. Kb7 Rb1+ 61. Kc7 Ra1 62. Kb7 Ke3 63. a8=Q Rxa8 64. Kxa8 Kf3 65. Kb7 Kg4 66. Kc6 Kxh4 67. Kd5 Kg3 68.
Ke4 Kg2 69. Kf4 h4 70. Kg4 h3 71. Kf4 h2 72. Kf5 h1=Q 73. Kg5 Qh3 74. Kf6 Qe3 75. Kf7 Qe5 0-1

[Event "*** Titled Tuesday Blitz"]
[Site "Chess.com"]
[Date "2020.12.29"]
[Round "8"]
[White "rubhani"]
[Black "Savva09022009"]
[Result "1-0"]
[WhiteElo "2497"]
[BlackElo "2610"]
[TimeControl "180+1"]
[EndTime "11:29:30 PST"]
[Termination "rubhani won on time"]

1. e3 c5 2. a3 d5 3. b4 e5 4.
bxc5 Bxc5 5. Bb2 Nc6 6. Nf3 Qe7 7. Bb5 f6 8. O-O Nh6 9. d4 exd4 10. exd4 Bd6 11. Re1 Be6 12. Nc3 O-O 13. Nxd5 Qf7 14. Ne3 Ne7 15. c4 a6 16. Ba4 Ng4 17. d5 Bc8 18. Bc2 Qh5 19. h3 Nxe3 20. Rxe3 Ng6 21. Nd4 Qxd1+ 22. Rxd1 Ne5 23. Bb3 Bd7 24. Ne6 Bxe6 25.
dxe6 Bc5 26. Ree1 Rae8 27. Rd5 b6 28. Bd4 Rxe6 29. Kf1 Bxd4 30. Rxd4 Rc6 31. c5+ Kh8 32. cxb6 Rxb6 33. Re3 Rfb8 34. f4 Ng6 35. g3 h6 36. Bf7 Kh7 37. h4 h5 38. Kf2 Rb2+ 39. Kf3 Rb1 40. Rd7 Rf1+ 41. Ke4 Nf8 42. Re7 Rc1 43.
Bxh5 Rd8 44. Be2 Ng6 45. Ra7 Re8+ 46. Kf3 Rxe3+ 47. Kxe3 Rc3+ 48. Bd3 Rxa3 49. h5 Kh6 50. hxg6 a5 51. Ra8 Kh5 52. Ra7 Kh6 53. Ke4 f5+ 54.
Kd4 Kxg6 55. Ra6+ Kh5 56. Bxf5 Rxg3 57. Rxa5 Kh4 58. Be4 Rg4 59. Ke5 Rg1 60. f5 Rf1 61. Ra8 Kg5 62. Rg8 Kh6 63. Rh8+ Kg5 64. Rh7 g6 65. fxg6 Ra1 66. g7 Ra8 67. Rh8 1-0